 Dungeon Crawl Stone Soup version 0.26-a0-1086-g9010512d90 (webtiles) character file.

Game seed: 678349739644725477

240 sahdkjhfkaj the Chopper (level 6, -4/53 HPs)
             Began as a Hill Orc Monk on Dec 14, 2020.
             Slain by Pikel
             ... wielding a +1 whip of electrocution
              (18 damage)
             ... on level 4 of the Dungeon.
             The game lasted 00:06:35 (4642 turns).

sahdkjhfkaj the Chopper (Hill Orc Monk)             Turns: 4642, Time: 00:06:35

Health: -4/53      AC: 11    Str: 16      XL:     6   Next: 8%
Magic:  6/6        EV:  5    Int: 10      God:
Gold:   165        SH:  0    Dex: 10 (13) Spells: 5/5 levels left

rFire    . . .     SeeInvis .   a - +0 hand axe
rCold    . . .     Faith    .   (no shield)
rNeg     . . .     Spirit   .   j - +0 plate armour
rPois    .         Reflect  .   (no helmet)
rElec    .         Harm     .   (no cloak)
rCorr    .         Rampage  .   (no gloves)
Will     .....                  (no boots)
Stlth    ..........             (no amulet)
HPRegen  0.17/turn              (no ring)
MPRegen  0.10/turn              (no ring)

@: no status effects
A: no striking features
a: no special abilities


You were on level 4 of the Dungeon.
You visited 1 branch of the dungeon, and saw 5 of its levels.

You collected 165 gold pieces.

Inventory:

Hand Weapons
 a - a +0 hand axe (weapon)
Missiles
 n - 7 poisoned darts (quivered)
Armour
 j - a +0 plate armour (worn)
   (You found it on level 2 of the Dungeon)
Jewellery
 c - an uncursed amulet of regeneration {unknown}
   (You found it on level 1 of the Dungeon)
 q - an uncursed ring of protection from fire {unknown}
   (You found it on level 4 of the Dungeon)
Scrolls
 b - a scroll of remove curse {@r2}
 i - 2 scrolls of amnesia
 m - 2 scrolls of noise {!r}
 o - 3 scrolls of blinking
Potions
 d - a potion of resistance
 e - a potion of degeneration {unknown}
 h - a potion of mutation {unknown}
 k - a potion of attraction {!q}
 l - a potion of brilliance {unknown}
 r - a potion of haste {unknown}


   Skills:
 + Level 4.6 Fighting
 * Level 7.4 Axes
 + Level 2.2 Armour
 - Level 2.4 Dodging
 - Level 1.5 Stealth


You had 5 spell levels left.
You didn't know any spells.
Your spell library contained the following spells:

 Spells                   Type           Power        Failure   Level
 Corona                   Hex            #......      100%        1
 Ensorcelled Hibernation  Hex/Ice        #.....       100%        2
 Confusing Touch          Hex            #.......     100%        3
 Dazzling Flash           Conj/Hex       #.....       100%        3
 Tukima's Dance           Hex            #.......     100%        3


Dungeon Overview and Level Annotations

Branches:
Dungeon (5/15)
 Temple: D:4-7

Altars:
Cheibriados
Wu Jian
Xom

Shops:
D:5 (

Annotations:
D:4 ogre, Pikel
D:5 1 runed translucent door, Crazy Yiuf, Eustachio


Message History

The bat hits you but does no damage. The bat hits you but does no damage. x2
The bat barely misses you. The bat hits you but does no damage.
The bat hits you but does no damage. The bat hits you but does no damage.
The bat hits you but does no damage. The bat hits you but does no damage.
The bat barely misses you. The bat hits you but does no damage.
The bat hits you but does no damage.
There is a stone staircase leading up here.
The bat closely misses you. The bat hits you but does no damage. x2
You climb upwards.
Level annotation: ogre
There is a stone staircase leading down here.
You start resting.
You climb downwards.
Level annotation: 1 runed translucent door, Crazy Yiuf, Eustachio, Pikel
There is a stone staircase leading up here.
Pikel hits you with a +1 whip of electrocution.
You climb upwards.
Level annotation: ogre
There is a stone staircase leading down here.
You closely miss Pikel. Pikel completely misses you.
You hit Pikel but do no damage. You hit Pikel.
Pikel hits you but does no damage.
You miss Pikel. Pikel hits you but does no damage.
You hit Pikel. Pikel hits you but does no damage.
You are electrocuted!
You closely miss Pikel. Pikel hits you but does no damage.
You are electrocuted!
* * * LOW HITPOINT WARNING * * *
Your plate armour prevents you from hitting Pikel.
Pikel hits you with a +1 whip of electrocution.
* * * LOW HITPOINT WARNING * * *
You closely miss Pikel. Pikel hits you but does no damage.
Unknown command.
Unknown command.
Unknown command.
Throw: 9 darts (poison)
Aim: Pikel, wielding a +1 whip of electrocution, wearing a +0 robe and carrying a wand of random effects (17) (lightly wounded)
You throw a poisoned dart.
The poisoned dart completely misses Pikel.
Throw: 8 darts (poison)
Aim: Pikel, wielding a +1 whip of electrocution, wearing a +0 robe and carrying a wand of random effects (17) (lightly wounded)
You throw a poisoned dart. The poisoned dart barely misses Pikel.
Pikel hits you with a +1 whip of electrocution.
* * * LOW HITPOINT WARNING * * *
You are electrocuted!!
You die...

....###.# ######.########.
#...###.##### #.# #.
###.........# #.# #. #
#.###.###.# #.# ##' ###.# #.###.#
##.## ##.. .##.# #..##.# #...#
##... ..#.####.##.# ##...# ##....
............#########(...###.....
.........(.....K@..........'.....
...####..>###########...####.....
..## ##.## #..## ##.... .## #.#
#.## ##... ## #.# #.# ##.. #
#####.#### #.# ##+ #........# #.#
#. ###.###.##.# #.# #.
##..........# #.# ##.


You could see Pikel.

Vanquished Creatures
  4 lemures
  A hound (D:5)
  3 orc wizards (D:4)
  A hound skeleton (D:4)
  3 adders
  A howler monkey skeleton (D:4)
  An ooze (D:3)
  An adder skeleton (D:4)
  A worm (D:3)
  A dart slug (D:1)
  9 orcs
  7 giant cockroaches
  5 goblins
  4 hobgoblins
  5 jackals (D:3)
  3 kobolds
  3 quokkas
  3 bats
  3 frilled lizards (D:3)
  A leopard gecko skeleton (D:5)
  2 rats (D:3)
62 creatures vanquished.

Notes
Turn   | Place    | Note
-------+----------+-------------------------------------------
     0 | D:1      | sahdkjhfkaj the Hill Orc Monk began the quest for the Orb.
     0 | D:1      | Reached XP level 1. HP: 19/19 MP: 1/1
   260 | D:1      | Reached XP level 2. HP: 21/26 MP: 2/2
   374 | D:2      | Reached skill level 5 in Axes
   445 | D:3      | HP: 1/26 [jackal (2)]
   449 | D:3      | Reached XP level 3. HP: 13/31 MP: 3/3
  1215 | D:3      | Reached skill level 6 in Axes
  1475 | D:3      | Reached XP level 4. HP: 40/40 MP: 4/4
  2013 | D:4      | Reached skill level 1 in Armour
  2114 | D:4      | Reached XP level 5. HP: 39/46 MP: 5/5
  2431 | D:4      | Reached skill level 7 in Axes
  2928 | D:5      | Entered Level 5 of the Dungeon
  2943 | D:5      | Reached XP level 6. HP: 43/53 MP: 6/6
  3063 | D:5      | Found a snail-covered altar of Cheibriados.
  3066 | D:5      | Found an ornate altar of the Wu Jian Council.
  3094 | D:5      | Found a runed translucent door.
  3095 | D:5      | Noticed Crazy Yiuf
  3125 | D:5      | Found a shimmering altar of Xom.
  3129 | D:5      | Found a shimmering altar of Xom.
  3129 | D:5      | Found a shimmering altar of Xom.
  3133 | D:5      | Found a shimmering altar of Xom.
  3136 | D:5      | Found Bidiubar's Weapon Emporium.
  3147 | D:5      | Noticed Pikel
  3195 | D:5      | HP: 1/53 [Pikel/+1 whip of electrocution (5)]
  4400 | D:5      | Noticed Eustachio
  4642 | D:4      | Slain by Pikel

Illustrated notes

Levels and vault maps discovered:
D:1:      lightli_arrival_statue_moat, layout_basic, corner_web_ring
D:2:      layout_rooms, lemuel_doored_altar
D:3:      layout_basic, minmay_cupped
D:4:      layout_loops_corners, hex_large
D:5:      layout_layer_cave, vehumet_altar_wand_db,
          nicolae_overflow_hidden_temple, minmay_temple_entry_butterflies,
          serial_shops, nicolae_shop_stone, shop, shop_statue, shop,
          nicolae_shop_trees, xom_redecorated, uniq_pikel, uniq_eustachio,
          uniq_crazy_yiuf_cottage

Skill      XL: |  1  2  3  4  5 |
---------------+----------------+-----
Axes           | 5 6 7 |  7.4
Fighting       | 4 |  4.6
Armour         | 1 2 |  2.2
Dodging        | |  2.4
Stealth        | |  1.5

Action                   |  1- 3 |  4- 6 || total
-------------------------+-------+-------++-------
Melee: Hand axe          |   117 |   275 ||   392
Throw: Dart              |       |    10 ||    10
  Use: Potion            |     1 |     4 ||     5
       Scroll            |       |     5 ||     5
 Stab: Sleeping          |     1 |       ||     1
Armor: Plate armour      |    98 |   216 ||   314
       Robe              |     3 |       ||     3
       Skin              |       |     3 ||     3
Dodge: Dodged            |    39 |    86 ||   125

Table legend: (Time is in decaauts)
 A = Elapsed time spent in this place.
 B = Non-inter-level travel time spent in this place.
 C = Inter-level travel time spent in this place.
 D = Time resting spent in this place.
 E = Time spent auto-exploring this place.
 F = Levels seen in this place.
 G = Mean time per level.
                   A        B        C        D        E       F      G
               +--------+--------+--------+--------+--------+-----+--------+
         Total |   4635 |   4445 |    190 |    721 |   2799 |   5 |  927.0 |
       Dungeon |   4635 |   4445 |    190 |    721 |   2799 |   5 |  927.0 |
               +--------+--------+--------+--------+--------+-----+--------+

Top non-repeatable levels by time:
     D:4: 1905 daAuts
     D:3: 1537 daAuts
     D:5: 765 daAuts
     D:1: 362 daAuts
     D:2: 65 daAuts
